 Dungeon Crawl Stone Soup version 0.30-a0-726-gd89dcf765f (webtiles) character file.

Game seed: 17448664492220739947

1024 hikkokomori the Trooper (level 8, -3/52 (64) HPs)
             Began as a Merfolk Gladiator on Jan 29, 2023.
             Slain by a wight
             ... wielding a +5 halberd
              (4 damage)
             ... on level 5 of the Dungeon.
             The game lasted 00:06:33 (4383 turns).

hikkokomori the Trooper (Merfolk Gladiator)         Turns: 4383, Time: 00:06:33

HP:   -3/52 (64)    AC:  6    Str: 14    XL:     8   Next: 22%
MP:   5/10          EV: 14    Int:  8    God:
Gold: 130           SH:  0    Dex: 17    Spells: 5/9 levels left

rFire   . . .      SeeInvis .    D - +2 long sword
rCold   . . .      Faith    .    (no shield)
rNeg    . . .      Spirit   .    h - +2 robe {Archmagi}
rPois   .          Reflect  .    c - +1 helmet
rElec   .          Harm     .    (no cloak)
rCorr   +          Rampage  .    (no gloves)
Will    .....      Archmagi +    (no boots)
Stlth   +++                      (no amulet)
HPRegen 0.28/turn                m - ring of resist corrosion
MPRegen 0.12/turn                (no ring)

@: heavily drained
A: (nimble swimmer 2), mertail
a: no special abilities


You were on level 5 of the Dungeon.
You visited 1 branch of the dungeon, and saw 5 of its levels.

You collected 130 gold pieces.

Inventory:

Hand Weapons
 a - a +0 long sword
 j - a +2 dagger of venom
 C - the +1 sling of the Vase {antimagic, Dex+2}
   (You found it on level 5 of the Dungeon)

   Dex:       It affects your dexterity (+2).
 D - a +2 long sword (weapon)
Missiles
 d - 5 throwing nets (quivered)
 e - a javelin
 v - 2 silver javelins
 w - 4 poisoned darts
Armour
 b - a +0 leather armour
 c - a +1 helmet (worn)
 h - a +2 robe of the Archmagi (worn)
Jewellery
 m - a ring of resist corrosion (left hand)
 r - a +5 ring of evasion
 u - a ring of protection from fire
Wands
 p - a wand of roots (8)
 x - a wand of flame (17)
Scrolls
 i - 2 scrolls of fear
 l - 2 scrolls of teleportation {unknown}
 n - 3 scrolls of vulnerability
 q - a scroll of silence {unknown}
 s - a scroll of butterflies {unknown}
 y - a scroll of fog
 A - a scroll of blinking {unknown}
Potions
 g - 7 potions of curing
 k - a potion of cancellation {unknown}
 o - a potion of degeneration {unknown}
 t - 2 potions of ambrosia
 z - 2 potions of magic
 B - a potion of brilliance {unknown}


   Skills:
 + Level 5.7 Fighting
 - Level 4.2(5.4) Short Blades
 - Level 5.2(5.9) Long Blades
 + Level 0.2 Ranged Weapons
 - Level 2.0 Throwing
 - Level 4.3 Dodging
 + Level 5.3 Stealth
 - Level 1.4 Spellcasting
 + Level 2.8 Hexes


You had 5 spell levels left.
You knew the following spells:

 Your Spells              Type           Power      Damage    Failure   Level
a - Slow                  Hex            28%        N/A       12%         1
b - Confusing Touch       Hex            7%         N/A       34%         3

Your spell library contained the following spells:

 Spells                   Type           Power      Damage    Failure   Level
 Gell's Gravitas          Tloc           0%         N/A       75%         3
 Teleport Other           Tloc           0%         N/A       75%         3
 Vampiric Draining        Necr           0%         2d6       75%         3
 Freezing Cloud           Conj/Ice/Air   0%         6-21      100%        5
 Dispersal                Tloc           0%         N/A       100%        6
 Simulacrum               Ice/Necr       0%         N/A       100%        6
 Polar Vortex             Ice            0%         N/A       100%        9


Dungeon Overview and Level Annotations

Branches:
Dungeon (5/15)
 Temple: D:4-7

Altars:
Xom
Zin


Innate Abilities, Weirdness & Mutations

((You are very nimble when in or above water. (Stealth+, EV+, Speed+++)))
Your lower body shifts to a powerful aquatic tail in water.


Message History

You destroy the wight!
Things that are here:
a +2 long sword; a +0 robe
D - a +2 long sword Your +2 dagger of venom stops dripping with poison.
You feel agile.
You feel magic leave you.
C - the +1 sling of the Vase (weapon)
{antimagic, Dex+2}
Found a stone staircase leading down.
Fire: C) +1 sling of the Vase {antimagic, Dex+2}
Press: ? - help, Shift-Dir - straight line, f - wight
Aim: a wight, wielding a +5 halberd and wearing a +0 robe (62% to hit)
You shoot a sling bullet.
The sling bullet completely misses the wight.
Fire: C) +1 sling of the Vase {antimagic, Dex+2}
Press: ? - help, Shift-Dir - straight line, f/p - wight
Aim: a wight, wielding a +5 halberd and wearing a +0 robe (62% to hit)
You shoot a sling bullet.
The sling bullet barely misses the wight.
You feel magic returning to you.
D - a +2 long sword (weapon)
There is a stone staircase leading down here.
The wight hits you from afar with a +5 halberd!
The wight closely misses you.
You see here a +0 robe.
You barely miss the wight. The wight hits you with a +5 halberd!
* * * LOW HITPOINT WARNING * * *
You feel drained.
* * * LOW HITPOINT WARNING * * *
The wight misses you.
You hit the wight.
The wight is moderately damaged.
The wight hits you but does no damage.
You feel much better. The wight barely misses you.
As you read the scroll labelled LOLONK CIFEY, it crumbles to dust.
The scroll dissolves into smoke.
It was a scroll of fog.
The wight hits you with a +5 halberd!
* * * LOW HITPOINT WARNING * * *
You feel drained.
You die...

#..####........... .
#.......###....... ##.#
#.^......#........
#...###.......#..#.....
#.#.##.......#..##.#.. #
....#.......#..#..#..
#.###.§#.......#..#.##.#
#.>.#§#§§.....#..#.##.#
#..§z@§......#.......#
#.##§##§#########.####
#.>.(..# #.# ####.#.#
#.# #.#.# ##.## ..# #
#...# ### #†### ###


You could see a wight.

Vanquished Creatures
  Sigmund (D:2)
  An ogre (D:4)
  2 necrophages (D:5)
  A scorpion (D:5)
  A wight (D:5)
  A howler monkey (D:4)
  4 hounds (D:5)
  A gnoll bouda (D:4)
  A jelly (D:5)
  2 iguanas
  An orc wizard (D:4)
  Robin (D:2)
  6 gnolls
  5 adders
  An ufetubus (D:5)
  3 dart slugs
  A worm (D:5)
  16 orcs
  9 endoplasms
  2 giant cockroaches
  14 goblins
  7 hobgoblins
  6 jackals
  7 kobolds
  A quokka (D:1)
  8 ball pythons
  3 bats
  A frilled lizard (D:1)
  4 rats
111 creatures vanquished.

Notes
Turn   | Place    | Note
-------+----------+-------------------------------------------
     0 | D:1      | hikkokomori the Merfolk Gladiator began the quest for the
                  | Orb.
     0 | D:1      | Reached XP level 1. HP: 16/16 MP: 1/1
   101 | D:1      | Reached XP level 2. HP: 16/23 MP: 2/2
   693 | D:1      | Reached XP level 3. HP: 28/28 MP: 3/3
   881 | D:2      | Noticed Sigmund
   910 | D:2      | Killed Sigmund
   911 | D:2      | Reached skill level 5 in Long Blades
   911 | D:2      | Reached XP level 4. HP: 5/37 MP: 4/4
   911 | D:2      | Reached XP level 5. HP: 5/42 MP: 5/5
  1214 | D:2      | Found a shimmering altar of Xom.
  1336 | D:2      | Noticed Robin
  1364 | D:2      | Killed Robin
  1385 | D:2      | Reached XP level 6. HP: 17/48 MP: 6/6
  1556 | D:2      | You fall into a shaft and drop 2 floors!
  1607 | D:4      | Reached skill level 1 in Short Blades
  1953 | D:3      | Reached skill level 1 in Spellcasting
  3150 | D:4      | Learned a level 1 spell: Slow
  3154 | D:4      | Learned a level 3 spell: Confusing Touch
  3200 | D:4      | Found a glowing silver altar of Zin.
  3297 | D:4      | Reached XP level 7. HP: 40/55 MP: 9/9
  3401 | D:4      | Reached skill level 1 in Hexes
  3566 | D:5      | Entered Level 5 of the Dungeon
  3628 | D:5      | Reached skill level 5 in Fighting
  3999 | D:5      | Reached skill level 5 in Stealth
  4025 | D:5      | Reached XP level 8. HP: 63/63 MP: 10/10
  4099 | D:5      | Identified the +1 sling of the Vase {antimagic, Dex+2}
  4380 | D:5      | HP: 1/54 [wight/+5 halberd (4)]
  4383 | D:5      | Slain by a wight

Illustrated notes

Levels and vault maps discovered:
D:1:      reono_arrival_forest_river, layout_basic
D:2:      layout_basic, basic_altar, kennysheep_generic_room_2, uniq_sigmund,
          uniq_robin
D:3:      layout_basic, solitary_fountain, chequers_serial_rivers_micro_d,
          kennysheep_generic_room_16
D:4:      layout_basic, lemuel_coloured_pillars_altar
D:5:      layout_loops_cross, minmay_overflow_temple_star_quad,
          cheibrodos_gnoll_hut

Skill      XL: |  1  2  3  4  5  6  7  8 |
---------------+-------------------------+-----
Long Blades    | 4 5 |  5.2
Fighting       | 4 5 |  5.7
Stealth        | 3 5 |  5.3
Short Blades   | 2 3 4 |  4.2
Spellcasting   | 1 |  1.4
Hexes          | 2 |  2.8
Ranged Weapons | |  0.2
Throwing       | |  2.0
Dodging        | |  4.3

Action                     |  1- 3 |  4- 6 |  7- 9 || total
---------------------------+-------+-------+-------++-------
  Melee: Long sword        |    18 |       |     2 ||    20
         Dagger            |    40 |   212 |   109 ||   361
         Punch             |       |     2 |     4 ||     6
   Fire: Sling             |       |       |     2 ||     2
   Cast: Slow              |       |       |     4 ||     4
    Use: Scroll            |     2 |     2 |     4 ||     8
         Potion            |     2 |       |     2 ||     4
   Stab: Sleeping          |     1 |     8 |     7 ||    16
 Armour: Leather armour    |     7 |       |       ||     7
         Robe              |       |    68 |    19 ||    87
  Dodge: Dodged            |    26 |   147 |    55 ||   228

Table legend: (Time is in decaauts)
 A = Elapsed time spent in this place.
 B = Non-inter-level travel time spent in this place.
 C = Inter-level travel time spent in this place.
 D = Time resting spent in this place.
 E = Time spent auto-exploring this place.
 F = Levels seen in this place.
 G = Mean time per level.
                   A        B        C        D        E       F      G
               +--------+--------+--------+--------+--------+-----+--------+
         Total |   4296 |   4193 |    103 |    123 |   3305 |   5 |  859.2 |
       Dungeon |   4296 |   4193 |    103 |    123 |   3305 |   5 |  859.2 |
               +--------+--------+--------+--------+--------+-----+--------+

Top non-repeatable levels by time:
     D:4: 957 daAuts
     D:2: 948 daAuts
     D:3: 828 daAuts
     D:5: 793 daAuts
     D:1: 767 daAuts
